 Dungeon Crawl Stone Soup version 0.21-a0-264-g3e31e41 (webtiles) character file.

72 rin1221 the Digger (level 4, -9/26 HPs)
             Began as a Gargoyle Earth Elementalist on Sept 10, 2017.
             Engulfed by a cloud of flame (23 damage)
             ... on level 2 of the Dungeon.
             The game lasted 00:06:40 (2149 turns).

rin1221 the Digger (Gargoyle Earth Elementalist)    Turns: 2149, Time: 00:06:40

Health: -9/26      AC:  9    Str: 11    XL:     4   Next: 25%
Magic:  7/7        EV: 10    Int: 16    God:
Gold:   44         SH:  0    Dex: 11    Spells: 1/7 levels left

rFire    . . .     SeeInvis .   m - -1 whip (curse)
rCold    . . .     Gourm    .   (no shield)
rNeg     + . .     Faith    .   f - +1 ring mail
rPois    ∞         Spirit   .   (no helmet)
rElec    +         Reflect  .   (no cloak)
rCorr    .         Harm     .   (no gloves)
MR       .....                  (no boots)
Stlth    +.........             (no amulet)
HPRegen  0.08/turn              (no ring)
MPRegen  0.10/turn              (no ring)

@: no status effects
A: negative energy resistance 1, electricity resistance, unbreathing,
petrification resistance, rot immunity, AC +3
a: no special abilities


You were on level 2 of the Dungeon.
You were hungry.

You visited 1 branch of the dungeon, and saw 2 of its levels.

You collected 44 gold pieces.

Inventory:

Hand Weapons
 a - a +0 club
 m - a cursed -1 whip (weapon)
Missiles
 b - 74 stones (quivered)
Armour
 c - a +0 robe
 f - a +1 ring mail (worn)
Scrolls
 g - a scroll of amnesia
 k - a scroll of identify {unknown}
Potions
 h - a potion of curing {unknown}
 i - a potion of berserk rage {unknown}
 j - 2 potions of might {unknown}
Books
 e - a book of Geomancy

   Spells                             Type                      Level
   a - Sandblast                      Earth                        1
   b - Passwall                       Transmutation/Earth          2
   c - Stone Arrow                    Conjuration/Earth            3
   d - Petrify                        Transmutation/Earth          4
   e - Lee's Rapid Deconstruction     Earth                        5
Comestibles
 d - a bread ration
 l - a meat ration


   Skills:
 + Level 1.8 Fighting
 * Level 0.0 Maces & Flails
 + Level 1.5 Armour
 + Level 2.0 Dodging
 - Level 2.1 Stealth
 + Level 2.2 Spellcasting
 + Level 0.4 Conjurations
 - Level 0.7 Transmutations
 + Level 4.2 Earth Magic


You had one spell level left.
You knew the following spells:

 Your Spells              Type           Power        Failure   Level  Hunger
a - Sandblast             Erth           ###...       9%          1    #......
b - Passwall              Tmut/Erth      #.........   26%         2    ###....
c - Stone Arrow           Conj/Erth      #.....       47%         3    ###....


Dungeon Overview and Level Annotations

Branches:
Dungeon (2/15)

Altars:


Innate Abilities, Weirdness & Mutations

You are resistant to torment.
Your stone body is resilient. (AC +3)
You are immune to poison.
You resist negative energy. (rN+)
You are resistant to electric shocks. (rElec)
You can survive without breathing.
You are immune to petrification.
You are immune to rotting.


Message History

Really walk into a travel-excluded area?
Found 14 gold pieces.
Really walk into that cloud of flame?
Okay, then.
Really walk into that cloud of flame? [Y]es or [N]o only, please.
Really walk into that cloud of flame? [Y]es or [N]o only, please.
Really walk into that cloud of flame? [Y]es or [N]o only, please.
Really walk into that cloud of flame? [Y]es or [N]o only, please.
Really walk into that cloud of flame?
Okay, then.
Really walk into that cloud of flame?
Okay, then.
You are engulfed in blazing flames.
You are engulfed in blazing flames.
Ouch! That really hurt!
You die...

#§ #.####### #§§§# #.......#
##...#######..[..# # §§.....§§§.
#.....# # §.$($.§§ #.....# ##
(....§ #.....# .#### #K(?#
##.....# ....# #§§§# ##......#
....# #@§§# #.......# ....##
#§§§# #.#.....## .....## #...#
##......... ......### ##.##
#.......... ........#### #.###
#...<...... ##.........### #...#
##.##...###
...##..##....####.#.####.##.#<#
................#.#...##.##.#.#
.###....###.....#.###.##.##.#.##


You could see a kobold.

Vanquished Creatures
  2 adders (D:2)
  An ooze (D:2)
  A worm (D:2)
  3 dart slugs (D:2)
  A leopard gecko (D:2)
  6 bats
  3 giant cockroaches
  2 goblins (D:2)
  5 hobgoblins
  4 jackals (D:2)
  2 kobolds (D:1)
  A ball python (D:2)
  3 frilled lizards
  4 rats (D:2)
38 creatures vanquished.

Vanquished Creatures (others)
  A goblin (D:2)
  A frilled lizard (D:2)
2 creatures vanquished.

Grand Total: 40 creatures vanquished

Notes
Turn   | Place    | Note
-------+----------+-------------------------------------------
     0 | D:1      | rin1221 the Gargoyle Earth Elementalist began the quest for the Orb.
     0 | D:1      | Reached XP level 1. HP: 10/10 MP: 3/3
   406 | D:1      | Reached XP level 2. HP: 4/16 MP: 1/5
   652 | D:1      | Learned a level 2 spell: Passwall
   856 | D:2      | Reached skill level 1 in Armour
   856 | D:2      | Reached skill level 4 in Earth Magic
   860 | D:2      | Reached skill level 1 in Fighting
   860 | D:2      | Reached XP level 3. HP: 13/20 MP: 6/6
  1270 | D:2      | Reached XP level 4. HP: 20/26 MP: 7/7
  1275 | D:2      | Learned a level 3 spell: Stone Arrow
  2149 | D:2      | Engulfed by a cloud of flame

Vault maps used:
D:1:      matt_arrival_grand_opening
D:2:      lemuel_flame_loot_1

Skill      XL: |  1  2  3 |
---------------+----------+-----
Armour         | 1 |  1.5
Earth Magic    | 4 |  4.2
Fighting       | 1 |  1.8
Dodging        | 2 |  2.0
Stealth        | |  2.1
Spellcasting   | |  2.2
Conjurations   | |  0.4
Transmutations | |  0.7

Action                   |  1- 3 |  4- 6 || total
-------------------------+-------+-------++-------
Melee: Club              |   168 |    58 ||   226
       Whip              |       |    22 ||    22
Throw: Stone             |       |     8 ||     8
 Cast: Sandblast         |    16 |     1 ||    17
  Use: Scroll            |     4 |       ||     4
  Eat: Chunk             |     2 |     2 ||     4
Armor: Ring mail         |   171 |    63 ||   234
Dodge: Dodged            |   150 |    76 ||   226

Table legend:
 A = Spawn XP
 B = Non-spawn XP
 C = Spawn XP percentage of total XP
 D = Spawn monster count
 E = Non-spawn monster count
 F = Spawn count percentage of total count
 G = Total turns spent on level
                    A         B        C        D         E        F      G
               +---------+---------+-------+---------+---------+-------+---------
         Total |       0 |     103 |   0.0 |       0 |      38 |   0.0 |  2149
               +---------+---------+-------+---------+---------+-------+---------
           D:1 |       0 |      17 |   0.0 |       0 |       9 |   0.0 |   841
           D:2 |       0 |      86 |   0.0 |       0 |      29 |   0.0 |  1308
               +---------+---------+-------+---------+---------+-------+---------
